 Dungeon Crawl Stone Soup version 0.28.0-43-g3370ac3207 (webtiles) character file.

Game seed: 16541625354349521681

2831 raph the Spear-Bearer (level 9, 0/69 HPs)
             Began as a Merfolk Berserker on Mar 9, 2022.
             Was a Priest of Trog.
             Slain by a wyvern (9 damage)
             ... on level 8 of the Dungeon.
             The game lasted 00:12:58 (8534 turns).

raph the Spear-Bearer (Merfolk Berserker)           Turns: 8534, Time: 00:12:58

Health: 0/69       AC:  8    Str: 17    XL:     9   Next: 73%
Magic:  9/9        EV: 19    Int:  6    God:    Trog [***...]
Gold:   66         SH:  0    Dex: 18    Spells: 8/8 levels left

rFire   . . .      SeeInvis .   A - +0 halberd
rCold   . . .      Faith    .   (shield currently unavailable)
rNeg    . . .      Spirit   .   d - +0 leather armour
rPois   .          Reflect  .   (no helmet)
rElec   .          Harm     .   (no cloak)
rCorr   .          Rampage  .   (no gloves)
Will    .....                   h - +0 pair of boots
Stlth   +++.......              (no amulet)
HPRegen 0.21/turn               u - +4 ring of protection
MPRegen 0.11/turn               l - +4 ring of evasion

@: on berserk cooldown, slowed, very slow
A: (nimble swimmer 2), mertail
a: Renounce Religion, Berserk, Trog's Hand


You were on level 8 of the Dungeon.
You worshipped Trog.
Trog was most pleased with you.
You visited 1 branch of the dungeon, and saw 8 of its levels.

You collected 275 gold pieces.
You spent 209 gold pieces at shops.

Inventory:

Hand Weapons
 a - a +2 trident of draining
 n - a +0 spear
 A - a +0 halberd (weapon)
Missiles
 c - 2 boomerangs of dispersal
 o - 7 boomerangs
 t - 8 javelins (quivered)
 z - 4 throwing nets
Armour
 d - a +0 leather armour (worn)
 h - a +0 pair of boots (worn)
Jewellery
 g - a ring of resist corrosion
 l - a +4 ring of evasion (right hand)
 u - a +4 ring of protection (left hand)
Wands
 i - a wand of acid (5)
 m - a wand of paralysis (13)
 y - a wand of iceblast (12)
 F - a wand of flame (29)
Scrolls
 k - 2 scrolls of magic mapping
 r - a scroll of fog
 s - a scroll of vulnerability
 B - 5 scrolls of fear
Potions
 b - a potion of ambrosia
 e - 3 potions of invisibility
 f - a potion of berserk rage
 j - a potion of flight
 p - 2 potions of might
 q - 2 potions of heal wounds
 v - 2 potions of cancellation {unknown}
 w - a potion of magic {unknown}
 x - 6 potions of curing
 C - a potion of brilliance {unknown}
 D - 2 potions of attraction {unknown}
 E - a potion of lignification {unknown}


   Skills:
 + Level 5.8 Fighting
 + Level 12.8 Polearms
 + Level 4.2 Throwing
 + Level 3.5 Armour
 + Level 6.3 Dodging
 + Level 5.0 Stealth


You had 8 spell levels left.
You didn't know any spells.
Your spell library was empty.

Dungeon Overview and Level Annotations

Branches:
Dungeon (8/15)             Temple (0/1) D:5
   Lair: D:8-11

Altars:
Makhleb
Okawaru
Sif Muna
Zin

Shops:
D:3 *[!?   D:5 *


Innate Abilities, Weirdness & Mutations

((You are very nimble when in or above water. (Stealth+, EV+, Speed+++)))
Your lower body shifts to a powerful aquatic tail in water.


Message History

You are exhausted.
You feel yourself slow down.
A basilisk comes into view.
Your Stealth skill increases to level 5!
You hit the wyvern.
The wyvern is lightly wounded.
The wyvern misses you. The wyvern closely misses you.
You hear a shout!
You hit the wyvern.
The wyvern is lightly wounded.
The wyvern barely misses you. The wyvern completely misses you.
You hit the wyvern.
The wyvern is moderately wounded.
The wyvern barely misses you. The wyvern closely misses you.
You closely miss the wyvern.
The wyvern is moderately wounded.
The wyvern completely misses you. The wyvern barely misses you.
You slash the wyvern!
The wyvern is severely wounded.
The wyvern barely misses you. The wyvern misses you.
Your skin crawls.
You feel strong-willed. The wyvern misses you.
An orc wizard comes into view. It is wielding a +0 dagger.
The wyvern barely misses you.
A steam dragon comes into view.
Something hits the fungus.
The fungus begins to die.
The wyvern completely misses you. The wyvern bites you.
You hear the faint creaking of a very distant portcullis.
You feel the effects of Trog's Hand fading.
The wyvern misses you. The wyvern bites you!
* * * LOW HITPOINT WARNING * * *
The wyvern completely misses you. The wyvern bites you!
* * * LOW HITPOINT WARNING * * *
The wyvern misses you.
Your skin stops crawling.
You feel less strong-willed. The wyvern bites you!
You die...

♣. ... ..P. .P...
###########.Po..P
######.@lSS.l..†..P..P
#......#########...o.♣
#.....## .D...
#....#### .)PP
#<........ ♣..
#....##### P #....#
#....# ######


You could see a basilisk, 2 water moccasins and a wyvern.

Vanquished Creatures
  A basilisk (D:8)
  Edmund (D:5)
  Duvessa (D:7)
  2 water moccasins (D:8)
  2 black bears
  2 sky beasts
  An orc warrior (D:7)
  2 ice beasts
  A necrophage (D:5)
  4 ogres
  2 phantoms
  A kobold brigand (D:7)
  A bullfrog (D:6)
  Dowan (D:7)
  A hound (D:3)
  An orc priest (D:6)
  A bullfrog zombie (D:6)
  3 gnoll shamans
  A centaur skeleton (D:7)
  4 iguanas
  Jessica (D:3)
  A bullfrog skeleton (D:5)
  4 orc wizards
  A hound zombie (D:3)
  A howler monkey zombie (D:7)
  A howler monkey skeleton (D:5)
  4 adders
  17 gnolls
  2 white imps
  An ufetubus (D:4)
  3 worms
  A dart slug (D:2)
  21 orcs
  10 ball pythons
  9 bats
  11 endoplasms
  2 giant cockroaches
  11 hobgoblins
  6 jackals (D:1)
  5 quokkas
  3 frilled lizards (D:1)
  8 goblins
  10 kobolds
  4 rats
170 creatures vanquished.

Vanquished Creatures (others)
  2 fungi (D:8)
  8 plants (D:8)
10 creatures vanquished.

Grand Total: 180 creatures vanquished

Notes
Turn   | Place    | Note
-------+----------+-------------------------------------------
     0 | D:1      | raph the Merfolk Berserker began the quest for the Orb.
     0 | D:1      | Reached XP level 1. HP: 18/18 MP: 1/1
   103 | D:1      | Reached skill level 5 in Polearms
   189 | D:1      | Reached XP level 2. HP: 24/24 MP: 2/2
   526 | D:1      | Reached skill level 6 in Polearms
   526 | D:1      | Reached XP level 3. HP: 29/29 MP: 3/3
   631 | D:1      | Reached ** piety under Trog
  1499 | D:2      | Reached XP level 4. HP: 31/35 MP: 4/4
  1659 | D:2      | Reached skill level 7 in Polearms
  1694 | D:2      | Found a burning altar of Makhleb.
  2146 | D:2      | Found a faded altar of an unknown god.
  2526 | D:3      | Reached skill level 8 in Polearms
  2526 | D:3      | Reached XP level 5. HP: 35/41 MP: 5/5
  2844 | D:3      | Found Liemylo's Distillery.
  2845 | D:3      | Found Qapu's Antique Armour Shoppe.
  2851 | D:3      | Bought a potion of heal wounds for 60 gold pieces
  2866 | D:3      | Found Xyropnuh's Magic Scroll Emporium.
  2955 | D:3      | Reached skill level 9 in Polearms
  2956 | D:3      | Found Ledugryj's Weapon Boutique.
  3058 | D:3      | Found Guuhia's General Store.
  3202 | D:3      | Bought a scroll of identify for 24 gold pieces
  3335 | D:3      | Noticed Jessica
  3341 | D:3      | Killed Jessica
  3342 | D:3      | Reached XP level 6. HP: 47/47 MP: 6/6
  3350 | D:3      | Found a shimmering blue altar of Sif Muna.
  3831 | D:4      | Noticed a black bear
  3840 | D:4      | Killed a black bear
  3841 | D:4      | Reached skill level 10 in Polearms
  3926 | D:4      | Reached *** piety under Trog
  4040 | D:4      | Reached skill level 11 in Polearms
  4040 | D:4      | Reached XP level 7. HP: 52/52 MP: 7/7
  4879 | D:5      | Entered Level 5 of the Dungeon
  4881 | D:5      | Found Zin's Purification Station.
  4885 | D:5      | Found a glowing silver altar of Zin.
  4901 | D:5      | Found a staircase to the Ecumenical Temple.
  4934 | D:5      | Reached skill level 12 in Polearms
  4991 | D:5      | Reached skill level 1 in Throwing
  4991 | D:5      | Reached skill level 1 in Stealth
  5241 | D:5      | Reached XP level 8. HP: 60/60 MP: 8/8
  5452 | D:5      | Noticed Edmund
  5468 | D:5      | Killed Edmund
  6273 | D:6      | Reached skill level 5 in Dodging
  6369 | D:6      | Reached XP level 9. HP: 67/67 MP: 9/9
  6372 | D:6      | Reached skill level 5 in Fighting
  6386 | D:6      | Reached **** piety under Trog
  6858 | D:3      | Bought a scroll of fear for 49 gold pieces
  6858 | D:3      | Bought a scroll of identify for 28 gold pieces
  6943 | D:3      | Bought a potion of might for 48 gold pieces
  7053 | D:7      | Found an iron altar of Okawaru.
  8377 | D:7      | Noticed Dowan
  8377 | D:7      | Noticed Duvessa
  8387 | D:7      | Killed Duvessa
  8391 | D:7      | Killed Dowan
  8522 | D:8      | Reached skill level 5 in Stealth
  8534 | D:8      | Slain by a wyvern

Illustrated notes

Levels and vault maps discovered:
D:1:      dpeg_arrival_rooms_with_view, layout_loops_ring,
          minmay_indecisive_spiral
D:2:      layout_basic, serial_forest, infiniplex_forest_lined_2,
          infiniplex_forest_lined_1, infiniplex_forest_straight_3,
          infiniplex_forest_clump_tiny, infiniplex_forest_straight_2,
          infiniplex_forest_clump_medium, infiniplex_forest_straight_3,
          basic_altar, ebering_ecumenical_altar_mist, kennysheep_generic_room_4
D:3:      layout_basic, tgw_sif, serial_shops, shop, shop_statue,
          nicolae_lakefront_shop, shop_fountains, shop, kennysheep_pointless_box
D:4:      layout_loops_cross, hangedman_decor_push, grunt_decor_mini_mirrors,
          kennysheep_doodads
D:5:      layout_basic, zin_purify, minmay_temple_entry_purple_smoke,
          hex_medium, uniq_edmund
D:6:      layout_loops_cross, st_stairs_9
D:7:      layout_loops_ring, okawaru_gym_becter, minmay_misc_feat_room,
          chequers_serial_rivers_small_3, uniq_duvessa
D:8:      layout_rooms, kennysheep_mini_moat, nicolae_qazlal_eye_of_the_storm,
          minmay_lair_entry_grove, enter_bailey_3

Skill      XL: |  1  2  3  4  5  6  7  8  9 |
---------------+----------------------------+-----
Polearms       | 5 6 8 9 11 12 | 12.8
Dodging        | 3 5 6 |  6.3
Throwing       | 1 3 4 |  4.2
Stealth        | 1 3 5 |  5.0
Armour         | 2 3 |  3.5
Fighting       | 4 5 |  5.8

Action                   |  1- 3 |  4- 6 |  7- 9 || total
-------------------------+-------+-------+-------++-------
Melee: Spear             |   134 |    60 |       ||   194
       Punch             |     1 |     1 |     1 ||     3
       Trident           |       |    77 |    92 ||   169
       Halberd           |       |       |   170 ||   170
Throw: Javelin           |     1 |     3 |     1 ||     5
       Boomerang         |       |     5 |    13 ||    18
Invok: Berserk           |     4 |     4 |    15 ||    23
       Trog's Hand       |       |       |     2 ||     2
Evoke: Wand              |       |     2 |       ||     2
  Use: Scroll            |     3 |     8 |     5 ||    16
 Stab: Sleeping          |     3 |     3 |     5 ||    11
Armor: Animal skin       |     4 |       |       ||     4
       Leather armour    |    11 |    13 |    28 ||    52
Dodge: Dodged            |    37 |    60 |   127 ||   224
